[Event "Titled Tuesday Blitz November 2 2021"]
[White "Toropov, Pavel"]
[Black "Abdrlauf, Elham"]
[WhiteFideId "24129178"]
[BlackFideId "1533533"]
[WhiteElo "2368"]
[BlackElo "2362"]
[Result "0-1"]
[Round "03"]
[TimeControl "180+1"]
[Date "2021.11.02"]
[WhiteClock "0:00:26"]
[BlackClock "0:00:16"]

1. e4 c6 2. d4 d5 3. exd5 cxd5 4. Bd3 Nf6 5. h3 g6 6. Nf3 Bg7 7. O-O O-O 8. Re1 Nc6 9. c3 Bf5 10. Bf4 e6 11. Bxf5 gxf5 12. Nbd2 Kh8 13. Ne5 Nxe5 14. Bxe5 Rg8 15. Qf3 Ne4 16. Nxe4 Bxe5 17. Nc5 Bc7 18. Qh5 Qf6 19. Re3 Rg5 20. Qf3 Rag8 21. Nxb7 Qg6 22. Kf1 Rxg2 23. Ke2 Qh6 24. Kd3 Qh4 25. Rf1 Qe4+ 26. Qxe4 fxe4+ 27. Kc2 Rh2 28. Nc5 Rg3 29. Kb3 Rgg2 30. f4 Rxb2+ 31. Ka4 Rhf2 32. Rg1 Bxf4 33. Ree1 Bd2 34. Rd1 Bxc3 35. Nb3 a6 36. a3 e3 37. Rc1 Rbc2 38. Rb1 e2 39. Nc5 Rb2 40. Rxb2 Bxb2 41. Nd3 Rf1 42. Rg2 Bxd4 43. Rxe2 Rf3 44. Nb4 Bc5 45. Rc2 Bxb4 46. axb4 Rxh3 47. Rc6 Rh1 48. Ka5 Ra1+ 49. Kb6 Kg7 50. Kb7 d4 51. Rxa6 Rxa6 52. Kxa6 d3 53. b5 d2 54. b6 d1=Q 55. b7 Qa4+ 56. Kb6 Qb4+ 57. Kc7 Qxb7+ 58. Kxb7 e5 0-1


[Site "https://www.chess.com"]

[Event "Titled Tuesday Blitz November 2 2021"]
[White "Urazayev, Arystanbek"]
[Black "Horobetz, Graham"]
[WhiteFideId "13709810"]
[BlackFideId "2047322"]
[WhiteElo "2321"]
[BlackElo "2631"]
[Result "1-0"]
[Round "03"]
[TimeControl "180+1"]
[Date "2021.11.02"]
[WhiteClock "0:00:22"]
[BlackClock "0:00:03"]

1. e4 c5 2. Nf3 d6 3. d4 cxd4 4. Nxd4 Nf6 5. Nc3 a6 6. Rg1 e5 7. Nb3 h6 8. g4 Be6 9. h4 Nc6 10. g5 hxg5 11. hxg5 Nd7 12. g6 Nf6 13. gxf7+ Bxf7 14. Bg5 Be7 15. Qd2 Qc7 16. Bxf6 Bxf6 17. Nd5 Bxd5 18. exd5 Nd4 19. Nxd4 exd4 20. O-O-O O-O-O 21. Kb1 Kb8 22. Bd3 Rh4 23. Qe2 Rdh8 24. a3 Be5 25. Qf3 Qe7 26. Rg6 Rf4 27. Qe2 Rhf8 28. Rf1 Qh4 29. f3 Qh3 30. Qd2 Rxf3 31. Rd1 Qc8 32. Qb4 Qc5 33. Qb3 Ka7 34. Re6 R8f7 35. Re8 Rc7 36. Rh1 Rf2 37. Rhh8 b5 38. Ra8+ Kb6 39. a4 Rg2 40. Rhb8+ Rb7 41. a5+ Kc7 42. Rc8+ Kd7 43. Rxc5 dxc5 44. d6 Kxd6 45. Be4 Rg1+ 46. Ka2 Rc7 47. Qd5+ 1-0


[Site "https://www.chess.com"]

[Event "Titled Tuesday Blitz November 2 2021"]
[White "Visakh N R"]
[Black "Skatchkov, Valery"]
[WhiteFideId "25012223"]
[BlackFideId "24195812"]
[WhiteElo "2454"]
[BlackElo "2195"]
[Result "1/2-1/2"]
[Round "03"]
[TimeControl "180+1"]
[Date "2021.11.02"]
[WhiteClock "0:02:48"]
[BlackClock "0:01:57"]

1. c4 Nf6 2. Nc3 c5 3. Nf3 Nc6 4. e3 e5 5. d4 exd4 6. exd4 cxd4 7. Nxd4 d5 8. Nxc6 bxc6 9. cxd5 Nxd5 10. Nxd5 Qxd5 11. Qxd5 cxd5 12. Be3 Bb4+ 13. Bd2 Rb8 14. Bxb4 Rxb4 15. b3 O-O 16. O-O-O Be6 17. Bd3 a5 18. Bc2 Rc8 19. Rd2 a4 20. Kb2 axb3 21. Bxb3 d4 22. Rhd1 Bxb3 23. axb3 Rc3 24. Rxd4 Rbxb3+ 25. Ka2 Ra3+ 26. Kb2 Rab3+ 27. Ka2 Ra3+ 28. Kb2 Rab3+ 1/2-1/2


[Site "https://www.chess.com"]

[Event "Titled Tuesday Blitz November 2 2021"]
[White "Vlassov, Nikolai"]
[Black "Yeletsky, Ivan"]
[WhiteFideId "4103360"]
[BlackFideId "24180327"]
[WhiteElo "2407"]
[BlackElo "2352"]
[Result "0-1"]
[Round "03"]
[TimeControl "180+1"]
[Date "2021.11.02"]
[WhiteClock "0:00:20"]
[BlackClock "0:00:27"]

1. e4 c6 2. d4 d5 3. e5 c5 4. dxc5 e6 5. Nf3 Bxc5 6. Bd3 Nc6 7. a3 Nge7 8. b4 Bb6 9. Bb2 Ng6 10. O-O Nf4 11. Bb5 Bd7 12. Nc3 O-O 13. Qd2 Ng6 14. Rae1 a5 15. Ne2 Ncxe5 16. Bxd7 Nxf3+ 17. gxf3 Qxd7 18. Kh1 axb4 19. axb4 Bc7 20. Rg1 Ra2 21. Qc1 Qd6 22. f4 Qxb4 23. Bd4 Qc4 24. Qe3 Rxc2 25. h4 h5 26. Rxg6 fxg6 27. Qxe6+ Kh7 28. f5 Rxf5 29. Rg1 Qc6 30. Qe7 Rf6 31. Bxf6 Qxf6 32. Qxf6 gxf6 33. Nd4 Rxf2 34. Re1 Be5 35. Ne6 b5 36. Rb1 Rb2 37. Rc1 Kg8 38. Rc6 Kf7 39. Rb6 Ke7 40. Ng7 b4 41. Rb7+ Kd6 42. Ne8+ Kc5 0-1


[Site "https://www.chess.com"]

[Event "Titled Tuesday Blitz November 2 2021"]
[White "Volkov, Maksim"]
[Black "Khanin, Semen"]
[WhiteFideId "54123070"]
[BlackFideId "4111990"]
[WhiteElo "2113"]
[BlackElo "2436"]
[Result "0-1"]
[Round "03"]
[TimeControl "180+1"]
[Date "2021.11.02"]
[WhiteClock "0:00:03"]
[BlackClock "0:00:09"]

1. d4 g6 2. Nf3 Bg7 3. e4 d6 4. Nc3 a6 5. a4 Nf6 6. h3 O-O 7. Be3 Nc6 8. Be2 b6 9. O-O e6 10. Re1 Bb7 11. Bf1 h6 12. Nd2 Kh7 13. f3 Nh5 14. Ne2 f5 15. d5 exd5 16. exd5 Ne7 17. c4 f4 18. Bd4 Nf5 19. Bxg7 Kxg7 20. Ne4 Qd7 21. Nd4 Nxd4 22. Qxd4+ Kh7 23. b4 Rae8 24. a5 bxa5 25. Rxa5 Qg7 26. Qxg7+ Kxg7 27. Kf2 Nf6 28. Bd3 Re7 29. Rd1 Rfe8 30. Nxf6 Kxf6 31. Be4 g5 32. c5 h5 33. Rc1 g4 34. hxg4 hxg4 35. cxd6 cxd6 36. b5 axb5 37. Rxb5 g3+ 38. Ke1 Rxe4+ 39. fxe4 Rxe4+ 40. Kd2 Ba8 41. Rc8 Ra4 42. Ke2 Ke5 43. Re8+ Kd4 44. Rd8 Ra2+ 45. Kf3 Rf2+ 46. Kg4 Kc4 47. Ra5 Bxd5 48. Rxd6 Bxg2 49. Ra4+ Kc5 50. Rf6 Bf3+ 51. Kxf4 g2 52. Rg6 Bh5+ 53. Ke3 Re2+ 54. Kd3 Bxg6+ 55. Kxe2 g1=Q 56. Ra5+ Kb4 57. Re5 Qh2+ 58. Ke3 Qxe5+ 59. Kf2 Kc4 0-1


[Site "https://www.chess.com"]

[Event "Titled Tuesday Blitz November 2 2021"]
[White "Zaragatski, Ilja"]
[Black "Sorokin, Aleksey"]
[WhiteFideId "4655192"]
[BlackFideId "24176460"]
[WhiteElo "2460"]
[BlackElo "2476"]
[Result "0-1"]
[Round "03"]
[TimeControl "180+1"]
[Date "2021.11.02"]
[WhiteClock "0:00:02"]
[BlackClock "0:01:15"]

1. d4 Nf6 2. Nc3 d5 3. Bf4 a6 4. e3 e6 5. g4 c5 6. g5 Nfd7 7. Nf3 Nc6 8. Ne2 b5 9. c3 b4 10. c4 Nb6 11. dxc5 Bxc5 12. Ned4 Bb7 13. cxd5 Nxd5 14. Nxc6 Bxc6 15. Be5 Nxe3 16. Qxd8+ Rxd8 17. fxe3 Bxf3 18. Rg1 O-O 19. Rg3 Be4 20. Bxa6 Rd5 21. Bf4 e5 22. Bb7 exf4 23. Bxd5 fxg3 24. Bxe4 Re8 25. Bc6 Rxe3+ 26. Kf1 gxh2 27. Re1 Rxe1+ 28. Kxe1 Bd4 29. a3 b3 30. a4 Bxb2 31. Kd1 Bc3 0-1


[Site "https://www.chess.com"]

[Event "Titled Tuesday Blitz November 2 2021"]
[White "Zhalmakhanov, Ramazan"]
[Black "Khoroshev, Nikita"]
[WhiteFideId "13706357"]
[BlackFideId "14200287"]
[WhiteElo "2531"]
[BlackElo "2376"]
[Result "1-0"]
[Round "03"]
[TimeControl "180+1"]
[Date "2021.11.02"]
[WhiteClock "0:00:09"]
[BlackClock "0:00:03"]

1. e4 c5 2. Nf3 d6 3. d4 cxd4 4. Nxd4 Nf6 5. Nc3 a6 6. Bc4 e6 7. O-O Be7 8. Bb3 O-O 9. f4 Nc6 10. Be3 Bd7 11. f5 Nxd4 12. Bxd4 Rc8 13. Qd3 b5 14. a3 Qc7 15. Rae1 Qb7 16. fxe6 fxe6 17. Qh3 Rc4 18. Bxc4 bxc4 19. e5 dxe5 20. Bxe5 Rf7 21. Kh1 h6 22. Re2 Nh7 23. Rxf7 Kxf7 24. Rf2+ Nf6 25. Qf3 Bc6 26. Qh5+ Kg8 27. Qg6 Be8 28. Qg3 Kf7 29. h3 Bc6 30. Kh2 Qd7 31. Qf4 Kg8 32. Qxc4 Nd5 33. Qd4 Bg5 34. Nxd5 exd5 35. c4 dxc4 36. Qxd7 Bxd7 37. Rc2 Be6 38. Re2 Kf7 39. Bc3 Bf5 40. Kg3 h5 41. Re5 g6 42. Ra5 h4+ 43. Kf3 Be7 44. Rxa6 g5 45. Rc6 Bd3 46. a4 Ke8 47. a5 Kd7 48. Rh6 Bf8 49. Ra6 Kc7 50. Ra7+ Kb8 51. Rf7 Bc5 52. Rg7 Bc2 53. Rxg5 Bd1+ 54. Ke4 Bc2+ 55. Kd5 Be3 56. Rg8+ Kb7 57. Rg7+ Ka6 58. Kxc4 Bb1 59. b4 Ba2+ 60. Kd3 Bf2 61. Rg6+ Kb5 62. Rf6 Bg1 63. Bd4 Bh2 64. Rb6+ Ka4 65. a6 Bb1+ 66. Kc3 Be4 67. a7 Bf4 68. Rb8 1-0


[Site "https://www.chess.com"]

[Event "Titled Tuesday Blitz November 2 2021"]
[White "Zierk, Steven"]
[Black "Prestia, Paris"]
[WhiteFideId "2034255"]
[BlackFideId "30925959"]
[WhiteElo "2494"]
[BlackElo "2572"]
[Result "1/2-1/2"]
[Round "03"]
[TimeControl "180+1"]
[Date "2021.11.02"]
[WhiteClock "0:00:07"]
[BlackClock "0:00:13"]

1. b3 e5 2. Bb2 Nc6 3. c4 Nf6 4. e3 Be7 5. Nc3 O-O 6. Nd5 d6 7. Ne2 Be6 8. Nec3 a5 9. Be2 Nb4 10. Nxe7+ Qxe7 11. O-O Rfe8 12. Re1 c6 13. d4 Bf5 14. Rc1 Ne4 15. a3 Nxc3 16. Rxc3 Na6 17. Qd2 h6 18. Rcc1 Bg6 19. Qxa5 Nc5 20. Qc3 Ne4 21. Qb4 exd4 22. exd4 Qf6 23. f3 c5 24. Qb6 Ng5 25. Bc3 Qf4 26. Bf1 cxd4 27. Qxd4 Qxd4+ 28. Bxd4 Rxe1 29. Rxe1 Rxa3 30. Re8+ Kh7 31. b4 Rb3 32. b5 Ne6 33. Bb6 Rb1 34. Kf2 Rb2+ 35. Kg3 h5 36. Re7 h4+ 37. Kxh4 Rb1 38. Be2 Rb2 39. Bf1 Rb1 40. Be2 Rb2 41. Bd1 Rf2 42. Bxf2 Bf5 43. Be3 1/2-1/2


[Site "https://www.chess.com"]

[Event "Titled Tuesday Blitz November 2 2021"]
[White "Abdrlauf, Elham"]
[Black "Klyashtorny, Vladislav"]
[WhiteFideId "1533533"]
[BlackFideId "4170938"]
[WhiteElo "2362"]
[BlackElo "2416"]
[Result "1-0"]
[Round "04"]
[TimeControl "180+1"]
[Date "2021.11.02"]
[WhiteClock "0:01:01"]
[BlackClock "0:00:05"]

1. e4 e5 2. Nc3 Nf6 3. d4 exd4 4. Qxd4 Nc6 5. Qd3 Bb4 6. Ne2 O-O 7. Bg5 h6 8. Bh4 g5 9. Bg3 d5 10. O-O-O dxe4 11. Nxe4 Nxe4 12. Qxe4 Bd6 13. Bxd6 cxd6 14. h4 Re8 15. Qd3 Nb4 16. Qb3 a5 17. Nd4 Qf6 18. Bb5 Re4 19. c3 Qf4+ 20. Kb1 Rxd4 21. Rxd4 Bf5+ 22. Ka1 Qxd4 23. cxd4 Nc2+ 24. Qxc2 Bxc2 25. hxg5 hxg5 26. Rc1 Be4 27. f3 Bd5 28. Rc7 Rd8 29. b3 Kg7 30. Bc4 Bxc4 31. bxc4 Re8 32. Rxb7 Re2 33. Rb2 Re1+ 34. Rb1 Re2 35. g4 Rc2 36. Rb5 Kg6 37. c5 dxc5 38. Rxc5 Rd2 39. Rxa5 Rxd4 40. Rf5 Rd2 41. a4 f6 42. Kb1 Rf2 43. a5 Re2 44. a6 Re6 45. Ra5 Rb6+ 46. Kc2 Rb8 47. a7 Ra8 48. Kd3 1-0


[Site "https://www.chess.com"]

[Event "Titled Tuesday Blitz November 2 2021"]
[White "Ambartsumova, Karina"]
[Black "Nesterov, Arseniy"]
[WhiteFideId "4166299"]
[BlackFideId "24198455"]
[WhiteElo "2262"]
[BlackElo "2494"]
[Result "0-1"]
[Round "04"]
[TimeControl "180+1"]
[Date "2021.11.02"]
[WhiteClock "0:00:05"]
[BlackClock "0:00:13"]

1. d4 d5 2. Nf3 Nf6 3. c4 e6 4. Nc3 Nbd7 5. cxd5 exd5 6. Bg5 Be7 7. e3 h6 8. Bh4 O-O 9. Bd3 c6 10. Qc2 Re8 11. O-O Ne4 12. Bxe7 Qxe7 13. Rab1 Ndf6 14. a3 Bf5 15. Ne5 Nxc3 16. Qxc3 Bxd3 17. Qxd3 Ne4 18. b4 Nd6 19. a4 a6 20. Rfc1 Qe6 21. Nf3 g6 22. h3 Kg7 23. Nd2 Qf6 24. Re1 h5 25. Nb3 Re7 26. Nc5 h4 27. f3 Nf5 28. Rbd1 Rd8 29. Nb3 Ng3 30. e4 dxe4 31. fxe4 Qf4 32. e5 Rd5 33. Nc5 b6 34. Ne4 Rexe5 35. Nxg3 Rxe1+ 36. Rxe1 hxg3 37. Re4 Qf2+ 38. Kh1 Rf5 0-1


[Site "https://www.chess.com"]

[Event "Titled Tuesday Blitz November 2 2021"]
[White "Andreikin, Dmitry"]
[Black "Nyudleev, Dolgan"]
[WhiteFideId "4158814"]
[BlackFideId "4198360"]
[WhiteElo "2736"]
[BlackElo "2354"]
[Result "1-0"]
[Round "04"]
[TimeControl "180+1"]
[Date "2021.11.02"]
[WhiteClock "0:00:20"]
[BlackClock "0:00:01"]

1. d4 d5 2. c4 c6 3. cxd5 cxd5 4. Nc3 Nf6 5. Bf4 e6 6. e3 Bd6 7. Bg3 Nc6 8. Bd3 e5 9. dxe5 Nxe5 10. Bb5+ Nc6 11. Nf3 a6 12. Bxc6+ bxc6 13. Qa4 Bxg3 14. hxg3 Qd6 15. Qf4 Qe7 16. Nd4 Bd7 17. O-O-O O-O 18. Nf5 Bxf5 19. Qxf5 g6 20. Qg5 Rfe8 21. Rd4 Ne4 22. Nxe4 dxe4 23. Qxe7 Rxe7 24. Rd6 Rc8 25. Kd2 Kg7 26. Rc1 Rec7 27. g4 h6 28. Rc4 Rb8 29. Kc3 Rcb7 30. b3 Rb5 31. Rdxc6 a5 32. Rxe4 h5 33. Rc7 hxg4 34. Rxg4 Rf5 35. Rf4 Rbb5 36. Rxf5 Rxf5 37. f4 Rh5 38. g4 Rh3 39. Kd3 Rh2 40. a4 Rb2 41. Rb7 Kf6 42. g5+ Ke6 43. Rb6+ Ke7 44. Rb5 Ke6 45. Kc3 Re2 46. Kd3 Rb2 47. Kc4 Rc2+ 48. Kd4 Rb2 49. Kc5 Kf5 50. Rxa5 Ke4 51. Rb5 Kxe3 52. Rb4 Kd3 53. a5 Kc3 54. a6 Re2 55. a7 Re8 56. Rb8 1-0


[Site "https://www.chess.com"]

[Event "Titled Tuesday Blitz November 2 2021"]
[White "Babazada, Khazar"]
[Black "Karttunen, Mika"]
[WhiteFideId "13413554"]
[BlackFideId "502081"]
[WhiteElo "2302"]
[BlackElo "2343"]
[Result "1-0"]
[Round "04"]
[TimeControl "180+1"]
[Date "2021.11.02"]
[WhiteClock "0:01:33"]
[BlackClock "0:00:04"]

1. e4 c5 2. Nc3 d6 3. g3 g6 4. Bg2 Bg7 5. Nge2 Nf6 6. O-O O-O 7. a3 Nc6 8. Rb1 a5 9. d3 Bd7 10. Be3 Qb6 11. h3 Nd4 12. Qd2 Rfc8 13. b4 e5 14. bxc5 Qxc5 15. Rxb7 Nxe2+ 16. Nxe2 Qxc2 17. Rfb1 Qxd2 18. Bxd2 Rc2 19. R7b2 Rac8 20. Bxa5 h5 21. Bb4 Ne8 22. Bf1 f5 23. Rxc2 Rxc2 24. Rc1 Rxc1 25. Nxc1 Ba4 26. Na2 Kf7 27. Nc3 Bc6 28. a4 Ke6 29. Be2 Nc7 30. Bd1 Na6 31. Ba3 fxe4 32. dxe4 Bh6 33. Bb3+ Kd7 34. Bf7 Bd2 35. Nb5 Bxe4 36. Nxd6 Bc2 37. Nc4 Bh6 38. Bxg6 Bxa4 39. Nb6+ Ke6 40. Nxa4 1-0


[Site "https://www.chess.com"]

[Event "Titled Tuesday Blitz November 2 2021"]
[White "Bluebaum, Matthias"]
[Black "Gaehwiler, Gabriel"]
[WhiteFideId "24651516"]
[BlackFideId "1314530"]
[WhiteElo "2681"]
[BlackElo "2320"]
[Result "1-0"]
[Round "04"]
[TimeControl "180+1"]
[Date "2021.11.02"]
[WhiteClock "0:02:43"]
[BlackClock "0:00:29"]

1. d4 Nf6 2. Nf3 g6 3. Nc3 d5 4. Bf4 Bg7 5. e3 c6 6. h3 O-O 7. Be2 Na6 8. O-O Nc7 9. a4 a5 10. Nb1 Ne6 11. Bh2 Ne4 12. c4 N6g5 13. Nxg5 Nxg5 14. Nc3 Ne4 15. cxd5 cxd5 16. Nxe4 dxe4 17. Qb3 b6 18. Rac1 Be6 19. Bc4 Bxc4 20. Rxc4 Qd5 21. Rfc1 f5 22. Qb5 Qxb5 23. axb5 Ra7 24. Rc6 Rf6 25. Rxf6 Bxf6 26. Rc6 Rb7 27. Bc7 Kf7 28. b3 1-0


[Site "https://www.chess.com"]

[Event "Titled Tuesday Blitz November 2 2021"]
[White "Bortnyk, Olexandr"]
[Black "Yuan, Qingyu"]
[WhiteFideId "14120828"]
[BlackFideId "8609772"]
[WhiteElo "2723"]
[BlackElo "2359"]
[Result "1-0"]
[Round "04"]
[TimeControl "180+1"]
[Date "2021.11.02"]
[WhiteClock "0:00:42"]
[BlackClock "0:00:02"]

1. e4 c6 2. d4 d5 3. Nc3 dxe4 4. Nxe4 Nf6 5. Nxf6+ exf6 6. c3 Bd6 7. Bd3 O-O 8. Qc2 g6 9. Be3 Nd7 10. h4 Re8 11. h5 f5 12. hxg6 hxg6 13. O-O-O Nf6 14. Nf3 Ne4 15. Bxe4 Rxe4 16. d5 cxd5 17. Rxd5 Be6 18. Bd4 f6 19. Rxd6 Qxd6 20. Bxf6 Bc4 21. Rh8+ Kf7 22. Ng5+ Kxf6 23. Nxe4+ fxe4 24. Rxa8 Qh2 25. b3 Bd3 26. Qd2 a6 27. Rf8+ Kg7 28. Qf4 Qg1+ 29. Kb2 Qb1+ 30. Ka3 Qc2 31. Qf6+ Kh6 32. Rh8# 1-0


[Site "https://www.chess.com"]

[Event "Titled Tuesday Blitz November 2 2021"]
[White "Cunjalo, Faris"]
[Black "Sviridov, Valery"]
[WhiteFideId "14410710"]
[BlackFideId "4120680"]
[WhiteElo "2234"]
[BlackElo "2454"]
[Result "1-0"]
[Round "04"]
[TimeControl "180+1"]
[Date "2021.11.02"]
[WhiteClock "0:00:05"]
[BlackClock "0:00:07"]

1. c4 g6 2. d4 Bg7 3. h4 d6 4. h5 e5 5. d5 g5 6. e4 h6 7. Nc3 a5 8. g4 Ne7 9. f3 O-O 10. Bd3 c6 11. Be3 Na6 12. Nge2 cxd5 13. cxd5 Bd7 14. O-O Nb4 15. Rc1 b5 16. Bxb5 Nxa2 17. Ra1 Nb4 18. Bxd7 Qxd7 19. Qa4 Qb7 20. Rfd1 f5 21. gxf5 Nxf5 22. exf5 Rxf5 23. Rf1 Qf7 24. Ng3 Rxf3 25. Kg2 Rf8 26. Qd1 e4 27. Ncxe4 Rxf1 28. Qxf1 Nc2 29. Qxf7+ Rxf7 30. Rxa5 Nxe3+ 31. Kh3 Be5 32. Ra6 Rf4 33. Kh2 Rh4+ 34. Kg1 Nxd5 35. Nxd6 Nc7 36. Rc6 Bxg3 37. Nf5 Bh2+ 38. Kg2 Rf4 39. Nxh6+ Kh7 40. Kxh2 Nd5 41. Kg3 Rb4 42. Ng4 Nf4 43. Rc7+ Kh8 44. Nf6 Nxh5+ 45. Nxh5 Kg8 46. Nf6+ Kf8 47. Rc2 Kf7 48. Nd5 Rd4 49. Ne3 Kg6 50. Rc4 Rd3 51. Kf3 Rb3 52. Rc2 Kh5 53. Rh2+ Kg6 54. Ke4 Rb4+ 55. Kd3 g4 56. Rg2 Kg5 57. Rxg4+ 1-0


[Site "https://www.chess.com"]

[Event "Titled Tuesday Blitz November 2 2021"]
[White "Demidov, Mikhail"]
[Black "Vlassov, Nikolai"]
[WhiteFideId "4197143"]
[BlackFideId "4103360"]
[WhiteElo "2527"]
[BlackElo "2407"]
[Result "1-0"]
[Round "04"]
[TimeControl "180+1"]
[Date "2021.11.02"]
[WhiteClock "0:01:30"]
[BlackClock "0:01:07"]

1. d4 Nf6 2. Bg5 e6 3. e4 h6 4. Bxf6 Qxf6 5. c3 d5 6. Nd2 dxe4 7. Nxe4 Qg6 8. Qf3 e5 9. dxe5 Nc6 10. Bb5 Bd7 11. O-O-O O-O-O 12. Ne2 Nxe5 13. Bxd7+ Rxd7 14. Qe3 Qa6 15. Rxd7 Nxd7 16. Rd1 Qxa2 17. Qh3 Qe6 18. Qxe6 fxe6 19. Nf4 e5 20. Ng6 Rg8 21. f3 Nc5 22. Nxf8 Nxe4 23. Ng6 1-0


[Site "https://www.chess.com"]

[Event "Titled Tuesday Blitz November 2 2021"]
[White "Dilmukhametov, Artur"]
[Black "Rasulov, Vugar"]
[WhiteFideId "24179922"]
[BlackFideId "13402390"]
[WhiteElo "2272"]
[BlackElo "2560"]
[Result "0-1"]
[Round "04"]
[TimeControl "180+1"]
[Date "2021.11.02"]
[WhiteClock "0:00:01"]
[BlackClock "0:00:44"]

1. d4 Nf6 2. Nc3 d5 3. Bf4 a6 4. e3 c5 5. Nf3 cxd4 6. exd4 Nc6 7. Qd2 Bg4 8. Ne5 e6 9. f3 Bf5 10. g4 Bg6 11. h4 Nxe5 12. dxe5 d4 13. Ne2 Nd5 14. Nxd4 Rc8 15. c3 h5 16. Bg5 Qb6 17. Rh2 Qc7 18. Bf4 Bc5 19. Bg3 Rd8 20. Bd3 Bxd4 21. cxd4 Bxd3 22. Qxd3 Nb4 23. Qc3 Qb6 24. a3 Nc6 25. O-O-O Rxd4 26. Rxd4 Qxd4 27. Qxd4 Nxd4 28. Rf2 Nc6 29. Kd2 Kd7 30. Ke3 Kc7 31. Rc2 Kb6 32. Ke4 Kc7 33. Bf2 a5 34. b4 axb4 35. axb4 Kd7 36. b5 Ne7 37. Bc5 Nd5 0-1


[Site "https://www.chess.com"]

[Event "Titled Tuesday Blitz November 2 2021"]
[White "Djordjevic, Vuk"]
[Black "Perera Alfonso, Rene Humberto"]
[WhiteFideId "902098"]
[BlackFideId "3514722"]
[WhiteElo "2463"]
[BlackElo "2313"]
[Result "1-0"]
[Round "04"]
[TimeControl "180+1"]
[Date "2021.11.02"]
[WhiteClock "0:01:08"]
[BlackClock "0:00:33"]

1. d4 d5 2. Bf4 Nf6 3. e3 c5 4. c3 Nc6 5. Nd2 e6 6. Ngf3 Bd6 7. Bg3 Qe7 8. Bb5 O-O 9. O-O Bd7 10. Qe2 a6 11. Bxc6 Bxc6 12. a4 Rfc8 13. Ne5 Bxe5 14. Bxe5 Nd7 15. Nf3 f6 16. Bg3 e5 17. dxe5 fxe5 18. c4 e4 19. cxd5 Bxd5 20. Nd2 Qe6 21. f3 exf3 22. gxf3 c4 23. e4 c3 24. bxc3 Rxc3 25. Rfe1 Re8 26. Qf2 Bc6 27. Qd4 Rc2 28. Rec1 Rxc1+ 29. Rxc1 Bxa4 30. Qxa4 b5 31. Qd4 1-0


[Site "https://www.chess.com"]

[Event "Titled Tuesday Blitz November 2 2021"]
[White "Gubajdullin, Alexei"]
[Black "Sychev, Klementy"]
[WhiteFideId "4141202"]
[BlackFideId "4114060"]
[WhiteElo "2268"]
[BlackElo "2615"]
[Result "0-1"]
[Round "04"]
[TimeControl "180+1"]
[Date "2021.11.02"]
[WhiteClock "0:00:06"]
[BlackClock "0:00:29"]

1. d4 Nf6 2. Nf3 d5 3. Bf4 Ne4 4. Nbd2 f6 5. e3 g5 6. Nxe4 gxf4 7. Nh4 c6 8. Nc5 Qd6 9. Qh5+ Kd8 10. Ng6 hxg6 11. Qxh8 e5 12. Qh7 Nd7 13. Nxd7 Qb4+ 14. Kd1 Bxd7 15. Qf7 Kc7 16. Qxf6 Qxb2 17. Rc1 Ba3 18. Qxe5+ Kb6 19. Bd3 Qxc1+ 20. Ke2 Qxh1 21. Qxf4 Qxg2 22. Qf7 Bg4+ 0-1


[Site "https://www.chess.com"]

[Event "Titled Tuesday Blitz November 2 2021"]
[White "Hansen, Eric"]
[Black "Grieve, Harry"]
[WhiteFideId "2606771"]
[BlackFideId "426520"]
[WhiteElo "2568"]
[BlackElo "2208"]
[Result "1-0"]
[Round "04"]
[TimeControl "180+1"]
[Date "2021.11.02"]
[WhiteClock "0:00:29"]
[BlackClock "0:00:05"]

1. e4 c5 2. Nf3 e6 3. d4 cxd4 4. Nxd4 Nc6 5. Nc3 Qc7 6. Be3 a6 7. Qd2 Nf6 8. O-O-O Bb4 9. f3 Ne5 10. Kb1 Bxc3 11. Qxc3 Qxc3 12. bxc3 d5 13. exd5 Nxd5 14. Bd2 Nb6 15. Re1 Nec4 16. Bc1 O-O 17. Bd3 Bd7 18. h4 Rac8 19. h5 Na4 20. h6 Nxc3+ 21. Ka1 g6 22. Rh4 e5 23. Nb3 Be6 24. Bxc4 Bxc4 25. Rxe5 Rfd8 26. Rd4 Rxd4 27. Nxd4 Nxa2 28. Bd2 b5 29. Re7 a5 30. Bxa5 Ra8 31. Nc6 Nc3 32. Kb2 Na4+ 33. Kc1 Bd5 34. Nd4 Nc5 35. Bb4 Ne6 36. Nxb5 Rb8 37. Nc3 Bc4 38. Ne4 1-0


[Site "https://www.chess.com"]

[Event "Titled Tuesday Blitz November 2 2021"]
[White "Kalogeris, Ioannis"]
[Black "Rustemov, Alexander"]
[WhiteFideId "4239563"]
[BlackFideId "4119002"]
[WhiteElo "2287"]
[BlackElo "2788"]
[Result "1-0"]
[Round "04"]
[TimeControl "180+1"]
[Date "2021.11.02"]
[WhiteClock "0:00:04"]
[BlackClock "0:00:07"]

1. e4 e6 2. d4 d5 3. Nc3 dxe4 4. Nxe4 Bd7 5. Nf3 Bc6 6. Ng3 Nd7 7. Be2 Ngf6 8. O-O Be7 9. c4 O-O 10. Bf4 b6 11. Qc2 Bb7 12. Rad1 Qc8 13. Rfe1 Re8 14. h4 c5 15. d5 exd5 16. Nf5 d4 17. Bd3 Bf8 18. Ng5 Qc6 19. f3 g6 20. Ng3 Bd6 21. Qd2 Qc7 22. Bxd6 Qxd6 23. Kf2 Ne5 24. Be4 Nxc4 25. Qc1 Na5 26. Bxb7 Nxb7 27. N5e4 Nxe4+ 28. Nxe4 Qe5 29. Qh6 Qg7 30. Qg5 Re6 31. Qd5 Re7 32. Ng5 Rd8 33. Qc6 Qf8 34. Rxe7 Qxe7 35. Re1 Qd7 36. Qf6 Re8 37. Rxe8+ Qxe8 38. h5 gxh5 39. Qf5 Nd6 40. Qxh7+ Kf8 41. Qh6+ Ke7 42. Qg7 Kd7 43. Qf6 Qe3+ 44. Kg3 d3 45. Nxf7 Nxf7 46. Qxf7+ Kc6 47. Qe8+ Kd5 48. Qxe3 c4 49. Kf4 b5 50. g4 h4 51. g5 h3 52. Kg3 b4 53. Kxh3 1-0


[Site "https://www.chess.com"]

[Event "Titled Tuesday Blitz November 2 2021"]
[White "Karolczuk, Iwo"]
[Black "Urazayev, Arystanbek"]
[WhiteFideId "21816972"]
[BlackFideId "13709810"]
[WhiteElo "2093"]
[BlackElo "2321"]
[Result "1/2-1/2"]
[Round "04"]
[TimeControl "180+1"]
[Date "2021.11.02"]
[WhiteClock "0:00:06"]
[BlackClock "0:00:05"]

1. d4 d5 2. Nf3 e6 3. c4 Nf6 4. e3 a6 5. Nbd2 c5 6. cxd5 exd5 7. b3 Nc6 8. Bb2 cxd4 9. Nxd4 Bb4 10. a3 Ba5 11. Bd3 Ne5 12. Be2 O-O 13. O-O Re8 14. N2f3 Ng6 15. Rc1 Bg4 16. h3 Bd7 17. b4 Bb6 18. Qc2 Ne4 19. Qb3 Be6 20. Nxe6 fxe6 21. Rfd1 Qe7 22. Bd3 Nd6 23. Ne5 Nxe5 24. Bxe5 Nf7 25. Bb2 Rac8 26. Bb1 Qh4 27. Qd3 Nd6 28. Ba2 Ne4 29. Qe2 Rxc1 30. Rxc1 Rf8 31. Rf1 Qg5 32. Bc1 Bc7 33. Bb2 Qe7 34. Bb1 Qd6 35. f4 Bb6 36. Be5 Qc6 37. Bxe4 dxe4 38. Kh1 Qb5 39. Qxb5 axb5 40. Rd1 h5 41. Rd7 Rf7 42. Rd6 Bxe3 43. Rxe6 Bxf4 44. Bxf4 Rxf4 45. Re5 Kf7 46. Kh2 Kf6 47. Re8 Rf5 48. Rxe4 Rf2 49. Rd4 Ra2 50. Rd5 Rxa3 51. Rxb5 h4 52. Rxb7 g5 53. b5 Rb3 54. Rb6+ Kg7 55. Rb8 Rb1 56. b6 Kh7 57. Rb7+ Kg6 58. Rb8 Kg7 59. Rb7+ Kg6 60. Rb8 g4 61. hxg4 Rb3 62. b7 Kg7 63. g5 Kh7 64. Kg1 Kg7 65. Kf2 Kh7 66. Ke2 Kg7 67. Kd2 Rb1 68. Ke3 Rb2 69. Kf4 Rb4+ 70. Kf5 Rb5+ 71. Kg4 Rb4+ 72. Kh5 Kh7 73. g6+ Kg7 74. Kg5 Rb5+ 75. Kxh4 Rb1 76. g4 Rb5 77. Rd8 Rxb7 78. Rd5 Kxg6 79. Rf5 Rb1 80. Rg5+ Kh6 81. Rf5 Kh7 82. Kg3 Kg6 83. Ra5 Rb3+ 84. Kf4 Rb6 85. Rf5 Re6 86. Rg5+ Kf6 87. Rf5+ Kg6 88. Rg5+ Kh7 89. Rf5 Kg6 1/2-1/2


[Site "https://www.chess.com"]